 Dungeon Crawl Stone Soup version 0.27-a0-1113-gb2b6fe9c5e (webtiles) character file.

Game seed: 10287571058035211431

835485 Lakar the Petrodigitator (level 27, -9/217 HPs)
             Began as a Gargoyle Earth Elementalist on May 1, 2021.
             Was the Champion of Vehumet.
             Killed from afar by an Ice Fiend (12 damage)
             ... with a bolt of cold
             ... on level 24 of a ziggurat.
             The game lasted 03:39:26 (79806 turns).

Lakar the Petrodigitator (GrEE)                    Turns: 79806, Time: 03:39:26

Health: -9/217     AC: 41    Str: 13    XL:     27
Magic:  23/48      EV: 21    Int: 41    God:    Vehumet [******]
Gold:   10272      SH:  0    Dex: 20    Spells: 8/68 levels left

rFire    + + .     SeeInvis +   u - +7 demon whip "Roz Ulotz" {pain, rF+ Int+6 Dex+2}
rCold    + . .     Faith    .   (no shield)
rNeg     + + .     Spirit   .   E - +2 faerie dragon scales {rPois rCorr Int+2 Clar}
rPois    ∞         Reflect  .   (helmet restricted)
rElec    +         Harm     .   C - +1 cloak "Tusitiru" {Regen+}
rCorr    +         Rampage  .   f - +2 pair of gloves {Dex+3}
Will     ++...     Clarity  +   b - +2 pair of boots {Stlth+}
Stlth    ++++......             X - amulet of Vitality {Regen+ HP+15}
HPRegen  2.46/turn              Y - ring "Wivu" {rC+ AC+4 Int+3}
MPRegen  0.31/turn              N - ring of Obount {Fly rF+ rN+ Dex+7 Stlth+}

@: brilliant, magic-sapped, flying, slightly contaminated, studying 8 skills,
extremely magic sapped
A: AC +20, big wings, negative energy resistance 1, electricity resistance,
torment resistance 1, unbreathing 1, petrification resistance, horns 1, talons
1, see invisible, clever 1, clumsy 1, deformed body, robust 1, screaming 1,
shaggy fur 1, evolution 1, no potion heal 1
}: 5/15 runes: barnacled, slimy, silver, abyssal, gossamer
a: Renounce Religion


You were on level 24 of a ziggurat.
You worshipped Vehumet.
Vehumet was exalted by your worship.
You visited 11 branches of the dungeon, and saw 53 of its levels.
You visited the Abyss 3 times.
You visited 1 bazaar.
You visited 1 ziggurat, and saw 24 of its levels.
You also visited: Sewer, Bailey and Desolation.

You collected 15580 gold pieces.
You spent 5308 gold pieces at shops.

Inventory:

Hand Weapons
 u - the +7 demon whip "Roz Ulotz" (weapon) {pain, rF+ Int+6 Dex+2}
   (You found it on level 16 of a ziggurat)

   In the hands of one skilled in necromantic magic, it inflicts extra damage on
   living creatures.
   It affects your intelligence (+6).
   It affects your dexterity (+2).
   It protects you from fire.
 v - the +11 dire flail "Impslayer" {vamp, Dex+3}
   (You found it on level 4 of the Spider Nest)

   It inflicts no extra harm, but heals its wielder when it wounds a living foe.
   It affects your dexterity (+3).
 y - a +9 eveningstar of protection
Missiles
 x - 5 atropa-tipped darts
Armour
 b - a +2 pair of boots of stealth (worn)
 f - a +2 pair of gloves of dexterity (worn)
 A - a +2 helmet of see invisible
 C - the +1 cloak "Tusitiru" (worn) {Regen+}
   (You found it on level 4 of the Spider Nest)

   It increases your rate of health regeneration.
 E - the +2 faerie dragon scales (worn) {rPois rCorr Int+2 Clar}
   (You took it off the Enchantress on level 2 of the Depths)

   It affects your intelligence (+2).
   It protects you from poison.
   It protects you against confusion.
   It protects you from acid and corrosion.
Jewellery
 z - a ring of wizardry
 D - the macabre finger necklace {rN+}
   (You found it on level 19 of a ziggurat)

   [amulet of nothing]

   It enables you to equip an extra ring.
   It protects you from negative energy.
 J - the ring "Cidyat" {rElec rF+ rC+ Dex+6}
   (You found it on level 5 of the Depths)

   [ring of dexterity]

   It affects your dexterity (+6).
   It protects you from fire.
   It protects you from cold.
   It insulates you from electricity.
 N - the ring of Obount (right hand) {Fly rF+ rN+ Dex+7 Stlth+}
   (You found it on level 2 of the Orcish Mines)

   [ring of flight]

   It affects your dexterity (+7).
   It protects you from fire.
   It protects you from negative energy.
   It grants you flight.
   It makes you more stealthy.
 R - an amulet of the acrobat
 X - the amulet of Vitality (around neck) {Regen+ HP+15}
   (You found it on level 5 of the Vaults)

   [amulet of regeneration]

   It affects your health (+15).
   It increases your rate of health regeneration.
 Y - the ring "Wivu" (left hand) {rC+ AC+4 Int+3}
   (You found it on level 2 of the Lair of Beasts)

   [ring of protection]

   It affects your AC (+4).
   It affects your intelligence (+3).
   It protects you from cold.
Wands
 i - a wand of iceblast (31)
 j - a wand of mindburst (77)
 w - a wand of acid (41)
Scrolls
 c - 17 scrolls of blinking
 o - 9 scrolls of enchant weapon
 p - 38 scrolls of teleportation
 B - 6 scrolls of amnesia
 F - 8 scrolls of magic mapping
 G - 3 scrolls of enchant armour
 I - 15 scrolls of fog
 K - 8 scrolls of holy word
 L - 3 scrolls of summoning
 T - 64 scrolls of identify
 W - 8 scrolls of fear
Potions
 a - 12 potions of mutation
 d - 14 potions of lignification
 g - 4 potions of resistance
 h - a potion of brilliance
 k - 28 potions of curing
 l - 14 potions of ambrosia
 q - 12 potions of heal wounds
 r - 3 potions of magic
 s - 5 potions of cancellation
 t - 11 potions of might
 M - 5 potions of berserk rage
 O - 8 potions of haste
 P - 3 potions of invisibility
Miscellaneous
 e - a box of beasts
 m - a piece from Xom's chessboard (15/15)
 n - a tin of tremorstones (2/2)
 H - a phantom mirror
 S - a condenser vane
 U - a lightning rod (4/4)
 Z - a phial of floods


   Skills:
 + Level 22.0 Fighting
 - Level 16.0 Maces & Flails
 - Level 6.0 Armour
 - Level 15.0 Dodging
 - Level 2.1 Stealth
 + Level 21.2 Spellcasting
 - Level 20.0 Conjurations
 + Level 17.3 Necromancy
 - Level 10.0 Transmutations
 + Level 21.1 Fire Magic
 O Level 27 Earth Magic
 - Level 10.0 Evocations


You had 8 spell levels left.
You knew the following spells:

 Your Spells              Type           Power      Damage    Failure   Level
a - Shatter               Erth           79%        3d57*     14%         9
b - Stone Arrow           Conj/Erth      100%       3d13      5%          3
c - Lee's Rapid Deconstr  Erth           79%        3d36*     5%          5
d - Lehudib's Crystal Sp  Conj/Erth      75%        10d17     11%         8
e - Bolt of Magma         Conj/Fire/Erth 74%        4d28      5%          5
f - Fire Storm            Conj/Fire      72%        8d18      38%         9
g - Ignition              Fire           72%        3d19      13%         8
h - Irradiate             Conj/Tmut      64%        3d34      7%          5
i - Necromutation         Tmut/Necr      62%        N/A       88%         8

Your spell library contained the following spells:

 Spells                   Type           Power      Damage    Failure   Level
 Tornado                  Air            30%        N/A       100%        9
 Foxfire                  Conj/Fire      100%       2x1d9     5%          1
 Magic Dart               Conj           100%       1d8       5%          1
 Sandblast                Erth           100%       2d20      5%          1
 Shock                    Conj/Air       100%       1d9       5%          1
 Searing Ray              Conj           100%       3d7       5%          2
 Conjure Flame            Conj/Fire      100%       6-21      5%          3
 Sticky Flame             Conj/Fire      100%       2d11      5%          4
 Fireball                 Conj/Fire      72%        3d27      5%          5
 Iskenderun's Battlesphe  Conj           100%       2d15      5%          5
 Iron Shot                Conj/Erth      75%        9d14      5%          6
 Static Discharge         Conj/Air       100%       N/A       6%          2
 Starburst                Conj/Fire      72%        8x6d19    6%          6
 Dazzling Flash           Conj/Hex       100%       N/A       7%          3
 Ignite Poison            Fire/Tmut/Pois 100%       N/A       7%          3
 Inner Flame              Hex/Fire       100%       N/A       7%          3
 Mephitic Cloud           Conj/Pois/Air  99%        N/A       9%          3
 Fulminant Prism          Conj/Hex       56%        3d25      9%          4
 Hailstorm                Conj/Ice       100%       3d20      9%          4
 Iskenderun's Mystic Bla  Conj/Tloc      100%       2d19      9%          4
 Orb of Destruction       Conj           71%        9d18      9%          7
 Lightning Bolt           Conj/Air       56%        1d78      11%         5
 Poisonous Vapours        Pois/Air       100%       N/A       14%         2
 Frozen Ramparts          Ice            100%       1d12      17%         3
 Conjure Ball Lightning   Conj/Air       56%        3x3d20    17%         6
 Yara's Violent Unravell  Hex/Tmut       45%        3d18      19%         5
 Animate Skeleton         Necr           100%       N/A       21%         1
 Beastly Appendage        Tmut           100%       N/A       21%         1
 Pain                     Necr           100%       1d9       21%         1
 Passwall                 Tmut/Erth      100%       N/A       21%         2
 Vampiric Draining        Necr           67%        2d15      21%         3
 Animate Dead             Necr           67%        N/A       21%         4
 Petrify                  Tmut/Erth      100%       N/A       21%         4
 Agony                    Necr           100%       N/A       21%         5
 Borgnjor's Vile Clutch   Necr/Erth      73%        N/A       21%         5
 Wereblood                Tmut           100%       N/A       22%         2
 Corpse Rot               Necr/Air       N/A        N/A       24%         2
 Animate Armour           Summ/Erth      100%       N/A       24%         4
 Leda's Liquefaction      Hex/Erth       62%        N/A       24%         4
 Airstrike                Air            30%        N/A       28%         4
 Olgreb's Toxic Radiance  Pois           60%        N/A       28%         4
 Freezing Cloud           Conj/Ice/Air   49%        6-21      28%         6
 Sting                    Tmut/Pois      100%       1d8       30%         1
 Death Channel            Necr           67%        N/A       30%         6
 Spellforged Servitor     Conj/Summ      56%        N/A       32%         7
 Spider Form              Tmut/Pois      45%        N/A       36%         3
 Eringya's Noxious Bog    Tmut/Pois      45%        N/A       36%         6
 Hydra Form               Tmut           56%        N/A       38%         5
 Apportation              Tloc           100%       N/A       43%         1
 Corona                   Hex            66%        N/A       43%         1
 Summon Small Mammal      Summ           100%       N/A       43%         1
 Ice Form                 Ice/Tmut       91%        N/A       45%         4
 Blink                    Tloc           N/A        N/A       47%         2
 Call Imp                 Summ           60%        N/A       47%         2
 Ensorcelled Hibernation  Hex/Ice        100%       N/A       47%         2
 Slow                     Hex            60%        N/A       47%         2
 Blade Hands              Tmut           56%        N/A       54%         6
 Confusing Touch          Hex            60%        N/A       56%         3
 Gell's Gravitas          Tloc           30%        N/A       56%         3
 Lesser Beckoning         Tloc           30%        N/A       56%         3
 Ozocubu's Armour         Ice            60%        N/A       56%         3
 Portal Projectile        Hex/Tloc       100%       N/A       56%         3
 Swiftness                Air            60%        N/A       56%         3
 Tukima's Dance           Hex            60%        N/A       56%         3
 Alistair's Intoxication  Tmut/Pois      60%        N/A       58%         5
 Simulacrum               Ice/Necr       53%        N/A       61%         6
 Borgnjor's Revivificati  Necr           67%        N/A       63%         8
 Infestation              Necr           67%        N/A       63%         8
 Chain Lightning          Conj/Air       56%        N/A       71%         8
 Cause Fear               Hex            30%        N/A       75%         4
 Passage of Golubria      Tloc           N/A        N/A       75%         4
 Summon Ice Beast         Ice/Summ       60%        N/A       75%         4
 Summon Lightning Spire   Summ/Air       60%        N/A       75%         4
 Dragon Form              Tmut           56%        N/A       80%         7
 Manifold Assault         Tloc           60%        N/A       89%         5
 Metabolic Englaciation   Hex/Ice        30%        N/A       89%         5
 Silence                  Hex/Air        30%        N/A       89%         5
 Summon Forest            Summ/Tloc      30%        N/A       89%         5
 Summon Mana Viper        Hex/Summ       60%        N/A       89%         5
 Dispersal                Tloc           30%        N/A       99%         6
 Invisibility             Hex            60%        N/A       99%         6
 Shadow Creatures         Summ           N/A        N/A       99%         6
 Ozocubu's Refrigeration  Ice            30%        4d11      99%         7
 Summon Hydra             Summ           30%        N/A       100%        7
 Discord                  Hex            30%        N/A       100%        8
 Disjunction              Tloc           30%        N/A       100%        8
 Death's Door             Necr           67%        N/A       98%         9
 Absolute Zero            Ice            30%        ∞         100%        9
 Dragon's Call            Summ           30%        N/A       100%        9
 Sublimation of Blood     Necr           Unusable   N/A       N/A         2
 Statue Form              Tmut/Erth      Unusable   N/A       N/A         6

Dungeon Overview and Level Annotations

Branches:
Dungeon (15/15)            Temple (1/1) D:4            Lair (6/6) D:9
 Shoals (4/4) Lair:2       Spider (4/4) Lair:4        Slime (5/5) Lair:6
    Orc (2/2) D:9             Elf (3/3) Orc:2        Vaults (5/5) D:13
  Crypt (3/3) Vaults:2       Tomb (0/3) Crypt:3      Depths (5/5) D:15
    Zot (0/5) Depths:5      Sewer (visited)          Bailey (visited)
Desolation (visited)

Altars:
Ashenzari
Cheibriados
Dithmenos
Gozag
Hepliaklqana
Kikubaaqudgha
Nemelex Xobeh
Okawaru
Ru
Trog
Uskayaw
Vehumet
Wu Jian
Xom
Yredelemnul
Zin
The Shining One
Beogh
Jiyva

Shops:
D:4 :   D:13 (   Orc:2 *:(   Vaults:2 *   Vaults:3 =   Vaults:4 :[:*:
Vaults:5 =   Depths:1 :=:

Portals:
Hell: Depths:1 Depths:2 Depths:3 Depths:4 Depths:5
Abyss: Spider:4 Depths:3 Depths:4 Depths:5
Pandemonium: Depths:1 Depths:3 Depths:4

Annotations:
D:10 3 runed translucent doors, onwiheg's ghost, novice DgCj
Elf:2 3 runed translucent doors
Elf:3 2 transporters, Efics's ghost, adept GnBr


Innate Abilities, Weirdness & Mutations

Your stone body is resilient. (AC +20)
You are immune to poison.
Your large and strong wings let you fly.
You resist negative energy. (rN+)
You are resistant to electric shocks. (rElec)
You are resistant to unholy torment.
You can survive without breathing.
You are immune to petrification.
You have a pair of small horns on your head.
You have sharp toenails.
You have supernaturally acute eyesight. (SInv)
Your mind is acute. (Int +2)
You are clumsy. (Dex -2)
Armour fits poorly on your strangely shaped body.
You are robust. (+10% HP)
You occasionally shout uncontrollably at your foes.
You are covered in fur. (AC +1)
You evolve.
Potions are less effective at restoring your health.


Message History

The Brimstone Fiend is almost dead.
The fireball engulfs the Brimstone Fiend.
The Brimstone Fiend completely resists.
The Brimstone Fiend is almost dead.
Your Fighting skill increases to level 22!
Unknown command.
Unknown command.
Casting: Ignition (dangerous; 13% risk of failure)
Confirm with . or Enter, or press ? or * to list all spells.
Aiming: Lehudib's Crystal Spear (dangerous; 11% risk of failure)
Press: ? - help, Shift-Dir - straight line, f - Brimstone Fiend
Aim: a Brimstone Fiend (almost dead, 93% to hit)
You feel a surge of power!
The crystal spear hits the Brimstone Fiend!!!!
You kill the Brimstone Fiend!
Vehumet accepts your kill.
You feel your power returning.
Casting: Lehudib's Crystal Spear (dangerous; 11% risk of failure)
Confirm with . or Enter, or press ? or * to list all spells.
Aiming: Fire Storm (dangerous; 38% risk of failure)
Press: ? - help, Dir - move target, f - Ice Fiend
Aim: an Ice Fiend (lightly wounded)
You feel a surge of power!
You miscast Fire Storm.
You are very lightly contaminated with residual magic.
Strange energies run through your body!!
* * * LOW HITPOINT WARNING * * *
The Ice Fiend gestures at you. The bolt of cold misses you.
Casting: Fire Storm (dangerous; 38% risk of failure)
Confirm with . or Enter, or press ? or * to list all spells.
Aiming: Fire Storm (dangerous; 38% risk of failure)
Press: ? - help, Dir - move target, f/p - Ice Fiend
Aim: an Ice Fiend (lightly wounded)
You feel a surge of power!
You miscast Fire Storm.
You are lightly contaminated with residual magic.
The air around you burns with energy! You resist.
* * * LOW HITPOINT WARNING * * *
The Ice Fiend gestures at you. The bolt of cold hits you! You resist.
You die...

........................
.)......................
).......................
........................
).).....................
)...))..................
.)......[...............
.)1....@................
[.....).................
.).)....................
.[......................
........................
........................
........................
).......................


You could see an Ice Fiend.

Vanquished Creatures
  the Royal Jelly (Slime:5)
  5 dread liches
  5 orbs of fire (Zig:19)
  An ancient lich (Depths:1)
  9 juggernauts
  Sojobo (Vaults:4)
  2 royal mummies (Zig:10)
  5 pandemonium lords
  Xtahua (Vaults:4)
  Saint Roka (Crypt:2)
  2 caustic shrikes (Zig:20)
  5 golden dragons
  Jory (Depths:5)
  3 bone dragons
  5 Brimstone Fiends
  3 Tzitzimimeh
  3 electric golems (Zig:11)
  7 hellephants
  3 Hell Sentinels (Zig:24)
  5 tentacled monstrosities
  Rupert (D:13)
  3 Ice Fiends
  6 liches
  Asterion (Depths:2)
  13 deep elf blademasters
  6 titans
  A quicksilver dragon (shapeshifter) (D:15)
  4 ancient champions
  19 acid blobs
  Polyphemus (Shoals:2)
  11 sphinxes
  8 deep elf master archers
  6 Executioners
  7 tentacled starspawn
  Agnes (Spider:1)
  6 tengu reavers
  2 shadow dragons
  Donald (Spider:1)
  6 storm dragons
  11 rockslimes
  5 revenants
  13 azure jellies
  3 draconian monks (Zig:13)
  A draconian knight (Zig:13)
  5 nagarajas (Zig:9)
  Roxanne (Shoals:3)
  The ghost of Vive the Geomancer, an adept GrEE of Vehumet (Spider:4)
  18 fire giants
  7 frost giants
  5 imperial myrmidons (Desolation)
  10 ghost moths
  14 balrugs
  9 orc warlords
  Louise (Shoals:4)
  Aizul (Depths:2)
  4 emperor scorpions
  2 draconian scorchers
  11 deep elf sorcerers
  7 cacodemons
  7 warmongers
  23 vault wardens
  2 iron dragons
  6 draconian shifters
  2 deep elf elementalists
  3 curse skulls
  3 spriggan defenders (Depths:2)
  3 draconian stormcallers
  2 draconian annihilators
  17 ironbound preservers
  A stone giant (shapeshifter) (D:15)
  An angel (Depths:1)
  A juggernaut skeleton (Zig:21)
  29 stone giants
  5 vampire knights
  2 ghouls (Crypt:2)
  3 blood saints
  8 war gargoyles
  7 reapers
  29 very ugly things
  Nessos (D:15)
  11 quicksilver oozes
  2 bennus (Zig:10)
  3 green draconians
  2 black draconians (Zig:13)
  7 corrupters
  14 deep elf demonologists
  5 black suns
  12 entropy weavers
  15 spark wasps
  A white draconian (Zig:13)
  5 yellow draconians
  A lorocyproca (Depths:1)
  A purple draconian (Zig:13)
  8 deep elf annihilators
  3 red draconians
  9 dire elephants
  An eidolon (Crypt:3)
  15 ettins
  7 merfolk javelineers
  A blizzard demon (Depths:4)
  6 deep elf death magi
  8 ragged hierophants (Desolation)
  A fire dragon (shapeshifter) (D:15)
  9 merfolk impalers
  7 crystal guardians
  11 fire dragons
  4 green deaths
  5 mummy priests (Zig:10)
  7 jiangshi
  7 deep elf high priests
  25 yaktaur captains
  5 rakshasas
  15 ironbound thunderhulks
  56 vault guards
  11 servants of whispers (Desolation)
  23 hydras
  18 great orbs of eyes
  2 monstrous demonspawn (Depths:1)
  A naga warrior (Zig:9)
  8 boulder beetles
  4 ogre magi
  A boulder beetle (shapeshifter) (Vaults:5)
  11 ice dragons
  7 hell beasts
  10 peacekeepers
  3 merfolk avatars (Shoals:4)
  7 satyrs
  4 death knights
  7 spriggan air magi
  7 death yaks
  6 catoblepae
  25 dancing weapons
  21 centaur warriors
  5 two-headed ogres
  2 hell hogs
  2 alligator snapping turtles
  8 deep troll earth magi
  8 ironbound frosthearts
  8 vampire magi
  7 merfolk aquamancers
  6 tengu warriors
  A death scarab (Zig:10)
  2 spriggan berserkers
  2 deep troll shamans
  2 titan zombies
  7 ironbound beastmasters
  21 orc high priests
  6 thrashing horrors
  4 shock serpents
  11 deep elf knights
  A storm dragon zombie (Crypt:1)
  10 soul eaters
  8 hell knights
  2 sun demons
  7 fire crabs (Zig:19)
  4 spatial maelstroms
  3 sixfirhies
  A fire crab (shapeshifter) (Zig:17)
  3 shadow wraiths
  A titan skeleton (Zig:21)
  4 wretched stars
  2 golden dragon zombies
  9 iron trolls
  19 skeletal warriors
  3 shadow demons
  52 deep trolls
  11 glowing orange brains
  2 spriggan druids (Zig:20)
  31 large abominations
  A spark wasp zombie (Crypt:2)
  A goliath frog (shapeshifter) (Vaults:5)
  A storm dragon skeleton (Crypt:3)
  A swamp dragon (shapeshifter) (Elf:1)
  8 sea snakes
  A quicksilver dragon simulacrum (Depths:2)
  17 flayed ghosts
  A ghost moth zombie (Crypt:2)
  A bog body (Crypt:2)
  An iron giant skeleton (Crypt:2)
  10 deep elf archers
  18 starcursed masses
  Pikel (D:5)
  9 lindwurms
  17 phantasmal warriors
  2 golden dragon skeletons
  14 orc knights
  2 tengu zombies
  A naga ritualist (Zig:9)
  14 wizards
  2 mana vipers
  11 necromancers
  17 ironbound convokers
  A frost giant zombie (Zig:5)
  A wolf spider (shapeshifter) (D:15)
  18 harpies
  An orb spider (shapeshifter) (Vaults:5)
  9 oklob plants (Zig:21)
  65 ugly things
  15 deep elf zephyrmancers
  46 wolf spiders
  19 orb spiders
  27 deep elf pyromancers
  3 iron dragon zombies (Zig:21)
  11 cyclopes
  2 fire giant zombies
  A salamander (Zig:9)
  A harpy (shapeshifter) (Elf:1)
  A worldbinder (Zig:17)
  2 sphinx skeletons (Zig:21)
  A faun (shapeshifter) (Vaults:3)
  23 fauns
  16 orc sorcerers
  2 cyclopes (shapeshifter) (Vaults:5)
  7 shining eyes
  3 shadow dragon skeletons
  A stone giant zombie (Crypt:2)
  A frost giant skeleton (Crypt:3)
  22 vault sentinels
  A moth of wrath (shapeshifter) (D:15)
  6 moths of wrath
  An elephant (Zig:20)
  11 fire giant skeletons
  2 stone giant skeletons (Crypt:2)
  An apocalypse crab (Zig:17)
  3 guardian serpents (Desolation)
  27 manticores
  2 rust devils
  6 water nymphs
  A water nymph (shapeshifter) (Vaults:3)
  12 black mambas
  An iron dragon skeleton (Crypt:2)
  5 gargoyles
  4 eyes of devastation
  10 orange demons
  6 torpor snails
  25 cane toads
  12 merfolk sirens
  10 smoke demons
  An unseen horror (shapeshifter) (Zig:23)
  A rime drake (shapeshifter) (D:15)
  5 rime drakes
  7 hellions
  4 unseen horrors
  18 demonic crawlers
  2 kobold demonologists
  A yellow draconian zombie (Crypt:2)
  36 yaktaurs
  A dire elephant skeleton (Crypt:2)
  A komodo dragon (shapeshifter) (Vaults:5)
  5 tormentors
  A tengu conjurer (Depths:1)
  4 efreet (Zig:19)
  20 komodo dragons
  A hydra zombie (Crypt:2)
  9 freezing wraiths
  5 ice devils
  3 hellwings
  7 red devils
  An iron troll skeleton (Crypt:1)
  2 trolls (shapeshifter)
  5 ancient zymes
  A queen bee (Spider:2)
  4 guardian mummies
  9 polar bears
  6 meliai
  56 merfolk
  11 trolls
  19 hornets
  5 wind drakes
  2 hornets (shapeshifter)
  10 blink frogs
  29 jumping spiders
  47 saltlings (Desolation)
  12 snapping turtles
  A wolf spider simulacrum (D:14)
  A slime creature (shapeshifter) (Zig:16)
  A blink frog (shapeshifter) (Elf:3)
  9 dream sheep
  2 fire dragon zombies
  9 raiju
  87 slime creatures
  A harpy skeleton (Crypt:3)
  2 human simulacra (Vaults:2)
  An ettin zombie (Zig:5)
  A guardian serpent zombie (Crypt:1)
  A stone giant simulacrum (Vaults:5)
  6 flying skulls
  Sigmund (D:5)
  8 water elementals
  10 fire dragon skeletons
  12 wraiths
  10 air elementals
  7 shadows (Crypt:3)
  10 wyverns
  94 redbacks
  4 ynoxinuls
  26 tarantellas
  An alligator skeleton (Crypt:2)
  19 spriggans
  An ushabti (Crypt:3)
  A wind drake zombie (Crypt:2)
  8 fire elementals
  A fire bat (Zig:21)
  12 golden eyes
  11 small abominations
  2 steam dragons
  A redback simulacrum (D:14)
  7 basilisks
  5 neqoxecs
  44 yaks
  8 chaos spawn
  3 elf skeletons
  10 wargs
  16 vampire mosquitoes
  30 water moccasins
  10 hell hounds
  A naga (shapeshifter) (Vaults:5)
  2 acid dragons
  3 floating eyes
  A deep troll skeleton (Crypt:1)
  A two-headed ogre skeleton (Crypt:1)
  An infernal demonspawn skeleton (Crypt:1)
  Purgy (Sewer)
  A sky beast (D:5)
  3 ice beasts (D:5)
  8 black bears
  85 orc warriors
  An ettin simulacrum (Vaults:2)
  A spriggan simulacrum (Depths:2)
  34 ogres
  2 necrophages
  27 wolves
  16 boggarts
  10 centaurs
  A dream sheep skeleton (Crypt:1)
  A phantom (D:7)
  6 kobold brigands
  7 elf zombies
  17 bullfrogs
  A gnoll sergeant (D:12)
  2 wyvern zombies (D:8)
  5 earth elementals
  A human skeleton (Vaults:1)
  6 scorpions
  A water moccasin zombie (D:5)
  27 killer bees
  19 wights
  2 electric eels
  3 howler monkeys (D:8)
  A tengu skeleton (Zig:5)
  12 centaur zombies
  2 jellies (D:6)
  A bullfrog zombie (D:6)
  A demonspawn zombie (Crypt:2)
  A gnoll shaman (D:8)
  3 bullfrog skeletons
  4 iron imps (Zig:5)
  25 orc priests
  4 centaur skeletons
  4 hounds
  A human zombie (D:8)
  An iguana (D:4)
  20 orc wizards
  7 hell rats (Lair:5)
  2 lightning spires (Zig:20)
  3 killer bee zombies
  A hound zombie (D:5)
  18 mummies
  2 howler monkey zombies
  8 gnolls
  8 adders
  A shadow imp (D:6)
  A white imp (D:8)
  3 ufetubi
  2 worms
  A dart slug (D:4)
  120 orcs
  6 bats
  7 endoplasms
  6 giant cockroaches
  8 goblins
  15 hobgoblins
  8 jackals
  23 kobolds
  4 quokkas
  8 ball pythons
  A gnoll skeleton (Crypt:1)
  A hobgoblin zombie (Crypt:2)
  A quokka skeleton (D:4)
  5 rats
  A fire vortex (Zig:10)
  5 plants
  3 starspawn tentacles
3292 creatures vanquished.

Vanquished Creatures (collateral kills)
  the Enchantress (Depths:2)
  Arachne (Spider:3)
  Ilsuiw (Shoals:2)
  The ghost of Lysofif the Brawler, an adept DrNe of Jiyva (Spider:2)
  A merfolk impaler (Shoals:3)
  An orb spider (Spider:3)
  A faun (Shoals:3)
  2 wolf spiders
  An eye of devastation (Zig:18)
  A torpor snail (Zig:14)
  A demonic crawler (Spider:2)
  A merfolk (Shoals:2)
  A slime creature (Slime:5)
  2 redbacks (Spider:3)
16 creatures vanquished.

Vanquished Creatures (others)
  A fire giant (Zig:19)
  A deep elf death mage (Crypt:2)
  A harpy (Shoals:3)
  A deep elf zephyrmancer (Elf:1)
  A merfolk (Shoals:3)
  A wind drake (Shoals:3)
  A human (Depths:1)
  An orc wizard (Orc:2)
  An orc (Orc:2)
  56 fire vortices
  85 fungi
  A lurking horror (Abyss:3)
  173 plants
  6 starspawn tentacles
  32 withered plants (Crypt:3)
362 creatures vanquished.

Grand Total: 3670 creatures vanquished

Notes
Turn   | Place    | Note
-------+----------+-------------------------------------------
     0 | D:1      | Lakar the Gargoyle Earth Elementalist began the quest for
                  | the Orb.
     0 | D:1      | Reached XP level 1. HP: 10/10 MP: 3/3
    16 | D:1      | Noticed a centaur
   232 | D:1      | Reached XP level 2. HP: 15/15 MP: 3/5
   233 | D:1      | Reached skill level 4 in Earth Magic
  1120 | D:2      | Reached XP level 3. HP: 18/19 MP: 3/6
  1124 | D:2      | Learned a level 3 spell: Stone Arrow
  1300 | D:2      | Reached skill level 1 in Conjurations
  1562 | D:2      | Reached XP level 4. HP: 24/24 MP: 4/8
  1867 | D:3      | Found a faded altar of an unknown god.
  1957 | D:3      | Found a glowing drain.
  1983 | Sewer    | Entered a sewer
  2320 | Sewer    | Noticed Purgy
  2325 | Sewer    | Killed Purgy
  2326 | Sewer    | Reached skill level 5 in Earth Magic
  2326 | Sewer    | Reached XP level 5. HP: 8/28 MP: 3/10
  2563 | D:3      | Learned a level 5 spell: Lee's Rapid Deconstruction
  2926 | D:3      | Reached XP level 6. HP: 32/32 MP: 1/11
  3533 | D:1      | Learned a level 2 spell: Passwall
  3713 | D:4      | Found a glowing silver altar of Zin.
  3718 | D:4      | Reached skill level 6 in Earth Magic
  3950 | D:4      | Found Ceown's Book Shop.
  4012 | D:4      | Reached XP level 7. HP: 34/36 MP: 13/13
  4056 | D:4      | Found a shimmering altar of Xom.
  4056 | D:4      | Found an iron altar of Okawaru.
  4475 | D:4      | Found a staircase to the Ecumenical Temple.
  4518 | Temple   | Entered the Ecumenical Temple
  4703 | Temple   | Became a worshipper of Vehumet
  5099 | D:5      | Entered Level 5 of the Dungeon
  5172 | D:5      | Identified the +4 rapier "Nimod" {holy, *Rage Fragile Str+7
                  | Stlth+}
  5222 | D:5      | Noticed Sigmund
  5228 | D:5      | Found a snail-covered altar of Cheibriados.
  5306 | D:5      | Reached skill level 1 in Fighting
  5393 | D:6      | Reached skill level 1 in Armour
  5483 | D:6      | Found a broken altar of Ashenzari.
  5495 | D:6      | Reached skill level 1 in Maces & Flails
  5557 | D:6      | Reached skill level 1 in Evocations
  5767 | D:6      | Reached XP level 8. HP: 43/43 MP: 15/15
  6264 | D:5      | Killed Sigmund
  6265 | D:5      | Reached * piety under Vehumet
  6265 | D:5      | Offered knowledge of Shock by Vehumet.
  6266 | D:5      | Reached skill level 7 in Earth Magic
  6281 | D:5      | Reached skill level 5 in Spellcasting
  6413 | D:5      | Reached skill level 5 in Conjurations
  6470 | D:5      | Reached XP level 9. HP: 49/49 MP: 12/16
  6589 | D:5      | Noticed Pikel
  6615 | D:5      | Killed Pikel
  7186 | D:7      | Offered knowledge of Foxfire by Vehumet.
  7198 | D:7      | Reached ** piety under Vehumet
  7229 | D:7      | Reached skill level 8 in Earth Magic
  7828 | D:8      | Noticed a two-headed ogre
  7834 | D:8      | Killed a two-headed ogre
  7835 | D:8      | Reached XP level 10. HP: 29/58 MP: 8/19
  8089 | D:8      | Found an ancient bone altar of Kikubaaqudgha.
  8138 | D:8      | Noticed a two-headed ogre
  8145 | D:8      | Killed a two-headed ogre
  8146 | D:8      | Reached skill level 5 in Fighting
  8146 | D:8      | Reached skill level 5 in Armour
  8221 | D:8      | Offered knowledge of Ignite Poison by Vehumet.
  8298 | D:8      | Found an ancient bone altar of Kikubaaqudgha.
  8310 | D:8      | Reached *** piety under Vehumet
  8908 | D:8      | Reached skill level 9 in Earth Magic
  9230 | D:9      | Reached XP level 11. HP: 64/64 MP: 9/20
  9231 | D:9      | Offered knowledge of Fulminant Prism by Vehumet.
  9232 | D:9      | Reached skill level 5 in Maces & Flails
  9326 | D:9      | Found a hide-covered altar of Uskayaw.
  9326 | D:9      | Found a glowing golden altar of the Shining One.
  9343 | D:9      | Noticed a two-headed ogre
  9350 | D:9      | Killed a two-headed ogre
  9376 | D:9      | Noticed a centaur warrior
  9386 | D:9      | Killed a centaur warrior
  9397 | D:9      | Learned a level 6 spell: Iron Shot
  9420 | D:9      | Learned a level 5 spell: Bolt of Magma
  9459 | D:9      | Reached **** piety under Vehumet
  9477 | D:9      | Reached skill level 5 in Dodging
  9496 | D:9      | Offered knowledge of Fireball by Vehumet.
  9497 | D:9      | Reached skill level 5 in Evocations
  9783 | D:9      | Found a staircase to the Lair.
  9928 | D:9      | Found a staircase to the Orcish Mines.
 10089 | D:10     | Entered Level 10 of the Dungeon
 10174 | D:10     | Noticed a two-headed ogre
 10192 | D:10     | Killed a two-headed ogre
 10410 | D:10     | Found a runed translucent gate.
 10410 | D:10     | Found a runed translucent gate.
 10584 | D:10     | Found a runed translucent gate.
 10585 | D:10     | Found an opulent altar of Gozag.
 10585 | D:10     | Noticed a boulder beetle
 10585 | D:10     | Noticed a deep elf archer
 10585 | D:10     | Noticed a cyclops
 10585 | D:10     | Noticed onwiheg's ghost (novice DgCj)
 10878 | D:11     | Reached XP level 12. HP: 71/71 MP: 23/23
 10924 | D:11     | Reached skill level 10 in Earth Magic
 12158 | D:12     | Found a flickering gateway to a bazaar.
 12163 | Bazaar   | Entered a bazaar
 12163 | Bazaar   | Found Tongoq's Distillery.
 12235 | Bazaar   | Found Jankocic's Assorted Antiques.
 12241 | Bazaar   | Found Xigiss's Weapon Emporium.
 12277 | Bazaar   | Found Kamuv's Weapon Shoppe.
 12284 | Bazaar   | Found Vacetut's Weapon Emporium.
 12330 | Bazaar   | Bought a potion of mutation for 88 gold pieces
 12330 | Bazaar   | Bought a potion of heal wounds for 55 gold pieces
 12330 | Bazaar   | Bought a potion of curing for 33 gold pieces
 12330 | Bazaar   | Bought a potion of magic for 88 gold pieces
 12330 | Bazaar   | Bought a potion of haste for 110 gold pieces
 12330 | Bazaar   | Bought 2 potions of brilliance for 88 gold pieces
 12341 | Bazaar   | Bought a potion of curing for 66 gold pieces
 12366 | Bazaar   | Bought 2 potions of degeneration for 22 gold pieces
 12777 | D:12     | Reached skill level 1 in Fire Magic
 13153 | D:12     | Reached ***** piety under Vehumet
 13313 | D:12     | Offered knowledge of Lightning Bolt by Vehumet.
 13600 | D:13     | Noticed a centaur warrior
 13612 | D:13     | Killed a centaur warrior
 14102 | D:13     | Reached XP level 13. HP: 78/78 MP: 4/25
 14231 | D:13     | Identified the +9 hand axe "Vuplieff" {flame, +Rage Dex+3}
 14295 | D:13     | Found Owkyol's Weapon Shoppe.
 14421 | D:13     | Noticed Rupert
 14430 | D:13     | Killed Rupert
 14460 | D:13     | Reached skill level 11 in Earth Magic
 14557 | D:13     | Found a gate to the Vaults.
 15017 | D:14     | Reached skill level 5 in Fire Magic
 15106 | D:14     | Found a flagged portal.
 15125 | Bailey   | Entered a bailey
 16698 | D:14     | Found a shimmering altar of Xom.
 16699 | D:14     | Found a shimmering altar of Xom.
 16702 | D:14     | Found a shimmering altar of Xom.
 16702 | D:14     | Found a shimmering altar of Xom.
 16788 | D:14     | Gained mutation: Your large and strong wings let you fly.
                  | [Gargoyle growth]
 16788 | D:14     | Reached XP level 14. HP: 34/84 MP: 2/26
 17148 | Lair:1   | Entered Level 1 of the Lair of Beasts
 18134 | Lair:2   | Reached skill level 10 in Conjurations
 18888 | Lair:2   | Identified the ring "Wivu" {rC+ AC+4 Int+3}
 19132 | Lair:2   | Found a staircase to the Shoals.
 20216 | Lair:3   | Offered knowledge of Iskenderun's Mystic Blast by Vehumet.
 21188 | Lair:4   | Found a hole to the Spider Nest.
 21264 | Lair:4   | Reached skill level 12 in Earth Magic
 21505 | Lair:4   | Gained mutation: You sometimes lose the ability to read
                  | scrolls when taking damage. [potion of mutation]
 21505 | Lair:4   | Gained mutation: You have large cloven feet. [potion of
                  | mutation]
 21511 | Lair:4   | Lost mutation: You have large cloven feet. [potion of
                  | mutation]
 21511 | Lair:4   | Lost mutation: You sometimes lose the ability to read
                  | scrolls when taking damage. [potion of mutation]
 21511 | Lair:4   | Gained mutation: You are dopey. (Int -2) [potion of
                  | mutation]
 21511 | Lair:4   | Gained mutation: You possess an exceptional clarity of
                  | mind. [potion of mutation]
 22155 | Lair:5   | Identified the +2 leather armour of Omission {Dex+2}
 22788 | Lair:5   | Reached XP level 15. HP: 92/92 MP: 16/28
 22808 | Lair:5   | Reached skill level 10 in Fire Magic
 22808 | Lair:5   | Reached XP level 16. HP: 96/96 MP: 26/29
 23066 | Lair:6   | Entered Level 6 of the Lair of Beasts
 24330 | Lair:6   | Reached ****** piety under Vehumet
 24374 | Lair:6   | Found a viscous altar of Jiyva.
 24375 | Lair:6   | Found a staircase to the Slime Pits.
 24446 | Lair:6   | Offered knowledge of Starburst by Vehumet.
 24490 | Lair:6   | Learned a level 6 spell: Starburst
 24898 | Lair:4   | Reached skill level 10 in Fighting
 25022 | Orc:1    | Entered Level 1 of the Orcish Mines
 25711 | Orc:2    | Entered Level 2 of the Orcish Mines
 26068 | Orc:2    | Offered knowledge of Conjure Ball Lightning by Vehumet.
 26513 | Orc:2    | Found Qifi's Distillery.
 26847 | Orc:2    | Found Bymufint's Assorted Antiques.
 26857 | Orc:2    | Bought a pair of glowing boots for 240 gold pieces
 27331 | Orc:2    | Found a staircase to the Elven Halls.
 27427 | Orc:2    | Identified the ring of Obount {Fly rF+ rN+ Dex+7 Stlth+}
 27800 | Orc:2    | Offered knowledge of Yara's Violent Unravelling by Vehumet.
 27974 | Orc:2    | Found Qicrof's Antique Weapon Shoppe.
 28012 | Orc:2    | Found Etweelu's Book Boutique.
 28306 | Orc:2    | Bought a potion of curing for 45 gold pieces
 28306 | Orc:2    | Bought a potion of curing for 45 gold pieces
 28306 | Orc:2    | Bought a potion of might for 60 gold pieces
 28306 | Orc:2    | Bought 2 potions of haste for 300 gold pieces
 28306 | Orc:2    | Bought a potion of haste for 150 gold pieces
 28306 | Orc:2    | Bought 2 potions of magic for 240 gold pieces
 28306 | Orc:2    | Bought a potion of curing for 45 gold pieces
 28306 | Orc:2    | Bought a potion of magic for 120 gold pieces
 28317 | Orc:2    | Bought a scroll of magic mapping for 112 gold pieces
 28453 | D:15     | Entered Level 15 of the Dungeon
 28699 | D:15     | Noticed Nessos
 28831 | D:15     | Killed Nessos
 28832 | D:15     | Reached skill level 10 in Spellcasting
 29398 | D:15     | Reached XP level 17. HP: 50/103 MP: 3/31
 29531 | D:15     | Found a bloodstained altar of Trog.
 29531 | D:15     | Found a bloodstained altar of Trog.
 29834 | D:15     | Reached skill level 13 in Earth Magic
 29938 | D:15     | Found a staircase to the Depths.
 30025 | D:15     | Found a hazy altar of Hepliaklqana.
 31224 | D:15     | Reached skill level 10 in Maces & Flails
 31277 | D:15     | Lost mutation: You possess an exceptional clarity of mind.
                  | [potion of mutation]
 31277 | D:15     | Lost mutation: You are dopey. (Int -2) [potion of mutation]
 31277 | D:15     | Gained mutation: Your mind is acute. (Int +2) [potion of
                  | mutation]
 31277 | D:15     | Gained mutation: You evolve. [potion of mutation]
 31491 | D:15     | Offered knowledge of Fireball by Vehumet.
 31631 | D:15     | Identified the ring of the Serpent {Fly rCorr}
 31696 | D:15     | Noticed a sphinx
 31880 | D:15     | Noticed a sphinx
 31883 | D:15     | Killed a sphinx
 31891 | D:15     | Killed a sphinx
 32051 | D:15     | Noticed a quicksilver dragon
 32051 | D:15     | a shadow dragon changed into a quicksilver dragon
 32059 | D:15     | Killed a quicksilver dragon
 32174 | D:15     | Identified the +3 dagger of Spores {venom, rPois rC++}
 33029 | D:15     | Learned a level 5 spell: Irradiate
 33215 | D:10     | Gained mutation: You are frail. (-10% HP) [evolution]
 33354 | Spider:1 | Entered Level 1 of the Spider Nest
 33362 | Spider:1 | Noticed Donald
 33505 | Spider:1 | Killed Donald
 33568 | Spider:1 | Reached XP level 18. HP: 92/99 MP: 27/32
 33679 | Spider:1 | Offered knowledge of Chain Lightning by Vehumet.
 33815 | Spider:1 | Noticed Agnes
 33827 | Spider:1 | Killed Agnes
 34557 | Spider:2 | Offered knowledge of Lehudib's Crystal Spear by Vehumet.
 34557 | Spider:2 | Offered knowledge of Shatter by Vehumet.
 34557 | Spider:2 | Offered knowledge of Tornado by Vehumet.
 34897 | Spider:2 | Identified the +1 robe of the Scribe {rPois Str+5}
 34966 | Spider:2 | Reached skill level 10 in Evocations
 35233 | Spider:2 | Found a large runed translucent door.
 35233 | Spider:2 | Found a large runed translucent door.
 35234 | Spider:2 | Noticed Lysofif's ghost (adept DrNe)
 35272 | Spider:2 | Killed Lysofif's ghost
 35312 | Spider:2 | Identified the +7 lajatang of Valiance {elec, +Rage Dex+2}
 35922 | Spider:2 | Reached skill level 14 in Earth Magic
 36616 | Spider:3 | Noticed Arachne
 36729 | Spider:3 | Killed Arachne
 37972 | Elf:1    | Entered Level 1 of the Elven Halls
 38926 | Elf:1    | Identified the +1 robe "Eqoeph" {-Tele Will++ Dex+3}
 39342 | Elf:1    | Cast into level 3 of the Abyss (a deep elf sorcerer)
 39342 | Abyss:3  | Found a corrupted altar of Lugonu.
 39542 | Abyss:3  | Found a corrupted altar of Lugonu.
 39547 | Elf:1    | Escaped the Abyss
 39686 | Elf:1    | Reached XP level 19. HP: 59/103 MP: 18/34
 40093 | Elf:1    | Identified the Guide on Sinister Magic
 40349 | Elf:2    | Found Cikenafur's Armour Shoppe.
 40768 | Elf:2    | Gained mutation: You are partially covered in iridescent
                  | scales. (AC +2) [evolution]
 41383 | Elf:2    | Found a runed translucent gate.
 41383 | Elf:2    | Found a runed translucent gate.
 41383 | Elf:2    | Found a runed translucent gate.
 41875 | Elf:3    | Entered Level 3 of the Elven Halls
 41875 | Elf:3    | Found a transporter.
 41879 | Elf:3    | Noticed Efics's ghost (adept GnBr)
 42089 | Elf:3    | Found a transporter.
 42864 | Shoals:1 | Entered Level 1 of the Shoals
 43096 | Shoals:1 | Reached skill level 10 in Dodging
 44712 | Shoals:2 | Noticed Polyphemus
 44736 | Shoals:2 | Killed Polyphemus
 44915 | Shoals:2 | Noticed Ilsuiw
 44922 | Shoals:2 | Killed Ilsuiw
 46469 | Shoals:3 | Identified Roxanne's Almanac of Transmutation
 46469 | Shoals:3 | Noticed Roxanne
 46473 | Shoals:3 | Killed Roxanne
 46658 | Shoals:3 | Reached skill level 15 in Earth Magic
 46818 | Shoals:3 | Gained mutation: You have supernaturally acute eyesight.
                  | (SInv) [evolution]
 46907 | Shoals:3 | Reached XP level 20. HP: 76/111 MP: 17/35
 48390 | Elf:3    | Cast into level 3 of the Abyss (a deep elf sorcerer)
 48391 | Abyss:3  | Reached skill level 15 in Fire Magic
 48407 | Abyss:3  | Got an abyssal rune of Zot
 48450 | Elf:3    | Escaped the Abyss
 48853 | Elf:3    | Identified the ring "Xeylown" {Fire Dex+5}
 48888 | Elf:3    | Identified the quicksilver dragon scales "Quawn" {rN+ Will+
                  | Dex+3}
 49052 | Elf:3    | Identified the ring "Jarph" {rC+ rN+}
 49062 | Elf:3    | Cast into level 2 of the Abyss (a deep elf demonologist)
 49066 | Abyss:2  | Identified the +6 shortbow "Plojy" {venom, rF++ rC-}
 49070 | Elf:3    | Escaped the Abyss
 49268 | Elf:3    | Identified a scroll of acquirement
 49268 | Elf:3    | Acquired 1112 gold pieces
 49320 | Elf:3    | Identified the +1 halberd "Xamoatai" {freeze, rN+ Dex-5
                  | SInv}
 49370 | Elf:3    | Identified the ring "Hacvus" {Will+ Dex+2}
 49379 | Elf:3    | Identified the +10 hunting sling of the Hidden Vale
                  | {vorpal, rElec rC- rCorr Int+2}
 49385 | Elf:3    | Identified the +1 robe "Moemi" {Dex+3}
 49389 | Elf:3    | Identified Sif Muna's Grimoire of Shape Shifting and the
                  | Frostbite
 49400 | Elf:3    | Identified the ring "Kezoatan" {Fly rPois rF- Str+5}
 49936 | Spider:4 | Entered Level 4 of the Spider Nest
 50042 | Spider:4 | Identified the +11 dire flail "Impslayer" {vamp, Dex+3}
 50124 | Spider:4 | Noticed Vive's ghost (adept GrEE)
 50128 | Spider:4 | Found a one-way gate to the infinite horrors of the Abyss.
 50159 | Spider:4 | Found a transporter.
 50180 | Spider:4 | Found a transporter.
 50280 | Spider:4 | Killed Vive's ghost
 50511 | Spider:4 | Identified the +1 cloak "Tusitiru" {Regen+}
 50836 | Spider:4 | Reached XP level 21. HP: 90/117 MP: 0/37
 51116 | Spider:4 | Identified the ring of Paranoia {Wiz Contam rPois Str+5
                  | Dex-3}
 51238 | Spider:4 | Got a gossamer rune of Zot
 51847 | Shoals:4 | Entered Level 4 of the Shoals
 52588 | Shoals:4 | Reached skill level 16 in Earth Magic
 52850 | Shoals:4 | Got a barnacled rune of Zot
 52951 | Shoals:4 | Noticed Louise
 52959 | Shoals:4 | Killed Louise
 53577 | Vaults:1 | Entered Level 1 of the Vaults
 53591 | Vaults:1 | Learned a level 9 spell: Shatter
 53662 | Vaults:1 | Found a ruined gateway.
 53708 | Desolati | Entered the Desolation of Salt
 53759 | Desolati | Identified the ring "Forget-Me-Not" {Fire rPois Str-2 Dex-5
                  | Stlth+}
 53876 | Desolati | Reached skill level 17 in Earth Magic
 53968 | Desolati | Reached XP level 22. HP: 124/124 MP: 38/38
 53997 | Desolati | Found the +3 hat of Pondering {ponderous, Will+ MP+10
                  | Int+5}
 54018 | Desolati | Learned a level 8 spell: Ignition
 54027 | Desolati | Identified the ring of Oleveg {rN+ AC+4}
 54030 | Desolati | Identified Tacsepp's Handbook of the Gliding Voyage
 54259 | Desolati | Reached skill level 18 in Earth Magic
 54670 | Vaults:1 | Gained mutation: Your body sometimes deteriorates upon
                  | taking damage. [evolution]
 54702 | Vaults:1 | Reached skill level 19 in Earth Magic
 54823 | Vaults:1 | Identified the +4 long sword of Humpom {vorpal, Fly}
 54993 | Vaults:1 | Reached skill level 20 in Earth Magic
 55251 | Vaults:1 | Acquired 413 gold pieces
 55331 | Vaults:1 | Identified the amulet of Ariacol {Spirit Fly rElec}
 55541 | Vaults:1 | Reached skill level 21 in Earth Magic
 55611 | Vaults:1 | Identified the +8 chain mail "Joebem" {Rampage rC+ Str-2}
 56026 | Vaults:2 | Reached XP level 23. HP: 128/128 MP: 37/39
 56201 | Vaults:2 | Reached skill level 22 in Earth Magic
 56485 | Vaults:2 | Found a staircase to the Crypt.
 56619 | Vaults:2 | Found Zoanirphi's Assorted Antiques.
 56631 | Vaults:2 | Bought a scroll of acquirement for 1196 gold pieces
 56631 | Vaults:2 | Bought a potion of curing for 69 gold pieces
 56634 | Vaults:2 | Acquired 719 gold pieces
 56940 | Vaults:2 | Reached skill level 23 in Earth Magic
 57227 | Vaults:2 | Identified the +3 falchion of Contradiction {vorpal, rPois}
 57651 | Vaults:3 | Found Bebbet Weli's Jewellery Shoppe.
 57948 | Vaults:3 | Lost mutation: You are frail. (-10% HP) [evolution]
 58156 | Vaults:3 | Reached skill level 24 in Earth Magic
 58170 | Vaults:3 | Identified the +5 rapier "Igran" {flame, Str+4}
 58345 | Vaults:3 | Reached XP level 24. HP: 149/149 MP: 29/39
 58454 | Vaults:3 | Reached skill level 25 in Earth Magic
 59473 | Vaults:4 | Found Mikarusch's Assorted Antiques.
 59507 | Vaults:4 | Bought a potion of haste for 320 gold pieces
 59507 | Vaults:4 | Bought an encrusted iron ring for 160 gold pieces
 59736 | Vaults:4 | Found Xiyrched's Book Shoppe.
 59746 | Vaults:4 | Bought a Necronomicon for 1656 gold pieces
 59891 | Vaults:4 | Reached skill level 26 in Earth Magic
 59984 | Vaults:4 | Noticed Xtahua
 59990 | Vaults:4 | Killed Xtahua
 60052 | Vaults:4 | Found Yfymnuvu's Book Boutique.
 60095 | Vaults:4 | Found Riubruurha's Armour Boutique.
 60192 | Vaults:4 | Noticed Sojobo
 60202 | Vaults:4 | Killed Sojobo
 60522 | Vaults:4 | Found Nisk's Book Shoppe.
 60719 | Vaults:5 | Entered Level 5 of the Vaults
 60721 | Vaults:5 | Reached skill level 27 in Earth Magic
 60901 | Vaults:5 | Noticed a dread lich
 60903 | Vaults:5 | Killed a dread lich
 60904 | Vaults:5 | Reached skill level 15 in Fighting
 60904 | Vaults:5 | Reached XP level 25. HP: 137/155 MP: 35/40
 60985 | Vaults:5 | Identified the +10 hand axe of Pain and Death {freeze,
                  | Will- Str+4 Int+2}
 60990 | Vaults:5 | Reached skill level 15 in Conjurations
 61194 | Vaults:5 | Got a silver rune of Zot
 61716 | Vaults:5 | Found Qeepo's Jewellery Shoppe.
 61808 | Vaults:5 | Found the amulet of Vitality {Regen+ HP+15}
 62374 | Vaults:3 | Gained mutation: You have a pair of small horns on your
                  | head. [evolution]
 62459 | Crypt:1  | Entered Level 1 of the Crypt
 63010 | Crypt:1  | Reached XP level 26. HP: 164/164 MP: 33/41
 63992 | Crypt:2  | Noticed Saint Roka
 64000 | Crypt:2  | Killed Saint Roka
 64961 | Crypt:3  | Entered Level 3 of the Crypt
 65017 | Crypt:3  | Identified the Disquisition on Congealing Evil Arts
 65388 | Crypt:3  | Identified the Tome of Unholy Secrets
 65759 | Crypt:3  | Found a staircase to the Tomb.
 66225 | Crypt:3  | Reached skill level 15 in Spellcasting
 66393 | Crypt:3  | Found an ancient bone altar of Kikubaaqudgha.
 66395 | Crypt:3  | Noticed a dread lich
 66398 | Crypt:3  | Paralysed by a dread lich for 2 turns
 66401 | Crypt:3  | Killed a dread lich
 66607 | Crypt:3  | Identified the +4 leather armour of Snakes and Ladders
                  | {rElec Will+ Str-4}
 66633 | Crypt:3  | Noticed a dread lich
 66637 | Crypt:3  | Killed a dread lich
 66643 | Crypt:3  | Identified the Collected Works on Hurtful Dislocation
 67195 | Depths:1 | Entered Level 1 of the Depths
 67535 | Depths:1 | Found a one-way gate leading to the halls of Pandemonium.
 67838 | Depths:1 | Found a glowing silver altar of Zin.
 67995 | Depths:1 | Reached XP level 27. HP: 173/173 MP: 42/42
 68238 | Depths:1 | Found a basalt altar of Yredelemnul.
 68521 | Depths:1 | Found Yhurhex's Book Shoppe.
 68522 | Depths:1 | Found Joagri Jare's Jewellery Boutique.
 68523 | Depths:1 | Found Zyatabbi's Book Shoppe.
 68709 | Depths:1 | Found a runed door.
 68732 | Depths:1 | Found a gateway to Hell.
 68934 | Depths:1 | Noticed an ancient lich
 68940 | Depths:1 | Killed an ancient lich
 68945 | Depths:1 | Reached skill level 15 in Maces & Flails
 68949 | Depths:1 | Identified the -2 pair of gloves of Cuigeast {rCorr}
 68950 | Depths:1 | Identified the +6 scale mail "Donliphe" {+Blink rC++ Str+9
                  | Int-3}
 68953 | Depths:1 | Acquired 1045 gold pieces
 68984 | Depths:1 | Identified the ring of Qodghi {Contam AC+4 Int+4 Dex+4}
 69188 | Depths:2 | Noticed Aizul
 69214 | Depths:2 | Killed Aizul
 69290 | Depths:1 | Found the +7 lajatang of Order {silver, rMut}
 69580 | Depths:2 | Noticed the Enchantress
 69597 | Depths:2 | Killed the Enchantress
 69839 | Depths:2 | Noticed Asterion
 69843 | Depths:2 | Killed Asterion
 69997 | Depths:2 | Found a shadowy altar of Dithmenos.
 71011 | Depths:3 | Found a gateway to a ziggurat.
 71015 | Depths:3 | Noticed a dread lich
 71018 | Depths:3 | Killed a dread lich
 71268 | Depths:3 | Paralysed by a floating eye for 4 turns
 71288 | Depths:3 | Learned a level 9 spell: Fire Storm
 71298 | Depths:3 | Learned a level 8 spell: Necromutation
 71424 | Depths:3 | Reached skill level 1 in Transmutations
 71473 | Depths:3 | Noticed a juggernaut
 71476 | Depths:3 | Killed a juggernaut
 71477 | Depths:3 | Reached skill level 1 in Necromancy
 71773 | Depths:3 | Gained mutation: You are mostly covered in iridescent
                  | scales. (AC +4) [evolution]
 73322 | Depths:5 | Entered Level 5 of the Depths
 73323 | Depths:5 | Noticed Jory
 73324 | Depths:5 | Killed Jory
 73589 | Depths:5 | Identified the ring "Cidyat" {rElec rF+ rC+ Dex+6}
 73688 | Depths:5 | Found a gate to the Realm of Zot.
 74492 | Slime:1  | Entered Level 1 of the Pits of Slime
 74841 | Slime:5  | Entered Level 5 of the Pits of Slime
 74990 | Slime:5  | Noticed the Royal Jelly
 74996 | Slime:5  | Killed the Royal Jelly
 75301 | Slime:5  | Identified the +6 falchion "Fenagom" {vorpal, rElec Str+5}
 75390 | Slime:5  | Got a slimy rune of Zot
 75391 | Slime:5  | Identified the +1 robe "Qoeziwn" {*Slow rC+ rCorr Dex+4}
 75401 | Slime:5  | Identified the +4 rapier of the Two Names {protect, +Rage
                  | Str+3 Int+2}
 75735 | Slime:1  | Gained mutation: You tend to lose your temper in combat. [a
                  | shining eye]
 75861 | Lair:6   | Lost mutation: You are mostly covered in iridescent scales.
                  | (AC +4) [potion of mutation]
 75861 | Lair:6   | Lost mutation: Your mind is acute. (Int +2) [potion of
                  | mutation]
 75861 | Lair:6   | Gained mutation: You have sharp toenails. [potion of
                  | mutation]
 75861 | Lair:6   | Gained mutation: You are covered in fur. (AC +1) [potion of
                  | mutation]
 75862 | Lair:6   | Lost mutation: You are partially covered in iridescent
                  | scales. (AC +2) [potion of mutation]
 75862 | Lair:6   | Lost mutation: You have a pair of small horns on your head.
                  | [potion of mutation]
 75862 | Lair:6   | Lost mutation: You tend to lose your temper in combat.
                  | [potion of mutation]
 75862 | Lair:6   | Lost mutation: Your body sometimes deteriorates upon taking
                  | damage. [potion of mutation]
 75862 | Lair:6   | Gained mutation: You occasionally shout uncontrollably at
                  | your foes. [potion of mutation]
 75862 | Lair:6   | Gained mutation: You have a pair of small horns on your
                  | head. [potion of mutation]
 77220 | Zig:1    | Entered Level 1 of a ziggurat
 77220 | Zig:1    | Noticed Lubusyj the pandemonium lord
 77225 | Zig:1    | Killed Lubusyj the pandemonium lord
 77261 | Zig:1    | Learned a level 8 spell: Lehudib's Crystal Spear
 77265 | Zig:2    | Entered Level 2 of a ziggurat
 77343 | Zig:3    | Entered Level 3 of a ziggurat
 77343 | Zig:3    | Found the +8 demon trident "Rift" {distort, reach+}
 77343 | Zig:3    | Noticed Inluoz the pandemonium lord
 77348 | Zig:3    | Killed Inluoz the pandemonium lord
 77378 | Zig:4    | Entered Level 4 of a ziggurat
 77381 | Zig:4    | Noticed Mehorgh the pandemonium lord
 77386 | Zig:4    | Reached skill level 5 in Transmutations
 77389 | Zig:4    | Killed Mehorgh the pandemonium lord
 77394 | Zig:4    | Gained mutation: You are robust. (+10% HP) [evolution]
 77508 | Zig:5    | Entered Level 5 of a ziggurat
 77527 | Zig:5    | Identified the +11 dagger "Kuaptoad" {vorpal, Str+3}
 77545 | Zig:6    | Entered Level 6 of a ziggurat
 77554 | Zig:6    | Reached skill level 5 in Necromancy
 77626 | Zig:6    | Identified the +7 long sword of Dung {pain, Fragile rElec
                  | Dex+3}
 77631 | Zig:6    | Identified the ring of Poseis {rC+ Will+ Str+2}
 77642 | Zig:6    | Identified the +5 short sword of Satyriasis {drain, Str+4
                  | Int+4 Stlth+}
 77650 | Zig:7    | Entered Level 7 of a ziggurat
 77730 | Zig:7    | Identified the +2 robe of Evolution {Harm rElec Regen+
                  | Dex+3}
 77746 | Zig:8    | Entered Level 8 of a ziggurat
 77751 | Zig:8    | Noticed Yprus the pandemonium lord
 77759 | Zig:8    | Gained mutation: Your mind is acute. (Int +2) [a cacodemon]
 77763 | Zig:8    | Killed Yprus the pandemonium lord
 77835 | Zig:8    | Found the brooch of Shielding {Spirit SH+8}
 77844 | Zig:8    | Identified the +11 halberd of Daor Tue {vorpal, rN++ Str+4}
 77853 | Zig:9    | Entered Level 9 of a ziggurat
 77894 | Zig:10   | Entered Level 10 of a ziggurat
 77902 | Zig:10   | Noticed a royal mummy
 77904 | Zig:10   | Noticed a royal mummy
 77910 | Zig:10   | Killed a royal mummy
 77911 | Zig:10   | Killed a royal mummy
 77973 | Zig:10   | Identified the +6 dagger "Deac" {vorpal, rPois Stlth+}
 77974 | Zig:10   | Identified Bevo's Papyrus of Icy Venom
 77984 | Zig:11   | Entered Level 11 of a ziggurat
 77984 | Zig:11   | Noticed a dread lich
 77991 | Zig:11   | Killed a dread lich
 78145 | Zig:11   | Identified Zavur's Almanac of Ignition and Confrontation
 78150 | Zig:11   | Identified the +4 morningstar of Aziqepn {venom, *Rage
                  | rElec Str+3 Stlth+}
 78151 | Zig:11   | Identified the +3 fustibalus of Fimbulwinter {freeze,
                  | Str+3}
 78159 | Zig:11   | Identified the amulet of Cob Pog {Reflect rF+ rC- Will+
                  | Str+2 SH+5}
 78181 | Zig:12   | Entered Level 12 of a ziggurat
 78234 | Zig:13   | Entered Level 13 of a ziggurat
 78263 | Zig:13   | Found the +27 Lear's hauberk
 78294 | Zig:13   | Identified the +1 robe of the Engineer {rN+}
 78297 | Zig:13   | Identified the +5 fire dragon scales "Dyqep" {Rampage rF++
                  | rC- rCorr}
 78299 | Zig:13   | Identified the +6 hand axe of the Saving Fox {antimagic,
                  | *Corrode rC+++ Will+ Dex+3}
 78306 | Zig:13   | Identified the amulet of the Garden {RegenMP Rampage Will+
                  | Int+2}
 78313 | Zig:14   | Entered Level 14 of a ziggurat
 78330 | Zig:14   | Reached skill level 10 in Necromancy
 78347 | Zig:14   | Identified the Compendium of Transformation and the Birds
 78353 | Zig:14   | Identified the +4 trident of Infection {venom, +Rage rElec
                  | rC- Dex+7}
 78363 | Zig:14   | Identified the ring "Gyopno" {rCorr Dex+3}
 78376 | Zig:15   | Entered Level 15 of a ziggurat
 78388 | Zig:15   | Noticed a juggernaut
 78390 | Zig:15   | Reached skill level 10 in Transmutations
 78392 | Zig:15   | Killed a juggernaut
 78411 | Zig:15   | Identified the +6 trident of Gallantry {pain, rPois rC+
                  | Str+7}
 78414 | Zig:15   | Identified the +6 quarterstaff "Demonslayer" {vorpal,
                  | Stlth+}
 78443 | Zig:16   | Entered Level 16 of a ziggurat
 78481 | Zig:16   | Identified the +7 demon whip "Roz Ulotz" {pain, rF+ Int+6
                  | Dex+2}
 78535 | Zig:17   | Entered Level 17 of a ziggurat
 78638 | Zig:17   | Identified the ring "Ycoippank" {rElec MP+9}
 78651 | Zig:17   | Identified the +2 great sword of Dismay {flame, rC+ Will+}
 78661 | Zig:18   | Entered Level 18 of a ziggurat
 78744 | Zig:18   | Identified the +5 rapier "Emumoh" {drain, *Noise rN+ Will+
                  | Str+3}
 78782 | Zig:19   | Entered Level 19 of a ziggurat
 78793 | Zig:19   | Noticed an orb of fire
 78796 | Zig:19   | Gained mutation: Armour fits poorly on your strangely
                  | shaped body. [an orb of fire]
 78801 | Zig:19   | Gained mutation: Potions are less effective at restoring
                  | your health. [an orb of fire]
 78803 | Zig:19   | Killed an orb of fire
 78806 | Zig:19   | Noticed an orb of fire
 78806 | Zig:19   | Noticed an orb of fire
 78808 | Zig:19   | Noticed an orb of fire
 78811 | Zig:19   | Reached skill level 15 in Necromancy
 78812 | Zig:19   | Killed an orb of fire
 78814 | Zig:19   | Killed an orb of fire
 78815 | Zig:19   | Killed an orb of fire
 78816 | Zig:19   | Noticed an orb of fire
 78818 | Zig:19   | Killed an orb of fire
 78865 | Zig:19   | Found the macabre finger necklace {rN+}
 78882 | Zig:19   | Identified the amulet of Reismeg {Reflect Drain rN+ Will+
                  | SH+5}
 78892 | Zig:19   | Acquired 1156 gold pieces
 78935 | Zig:20   | Entered Level 20 of a ziggurat
 79099 | Zig:20   | Identified the Incunabulum of the Mountains and Shape
                  | Shifting
 79117 | Zig:21   | Entered Level 21 of a ziggurat
 79485 | Zig:21   | Identified the +2 leather armour of Masochism {rF- rN+
                  | Str+3 Int+2}
 79486 | Zig:21   | Identified the -6 buckler of Kindness {Str+3 Int+4 SInv}
 79493 | Zig:21   | Identified the ring of Ykax {rElec Int+6}
 79500 | Zig:21   | Identified the +1 flail of Fortitude {pain, rF+}
 79508 | Zig:21   | Identified the +10 morningstar "Bityivocs" {flame, Dex+4}
 79517 | Zig:21   | Acquired 1063 gold pieces
 79521 | Zig:21   | Acquired 787 gold pieces
 79533 | Zig:22   | Entered Level 22 of a ziggurat
 79555 | Zig:22   | Noticed a juggernaut
 79555 | Zig:22   | Noticed a juggernaut
 79556 | Zig:22   | Noticed a juggernaut
 79557 | Zig:22   | Noticed a juggernaut
 79558 | Zig:22   | Noticed a juggernaut
 79560 | Zig:22   | Noticed a juggernaut
 79560 | Zig:22   | Killed a juggernaut
 79560 | Zig:22   | Noticed a juggernaut
 79561 | Zig:22   | Reached skill level 15 in Dodging
 79561 | Zig:22   | Killed a juggernaut
 79561 | Zig:22   | Killed a juggernaut
 79562 | Zig:22   | Killed a juggernaut
 79562 | Zig:22   | Killed a juggernaut
 79563 | Zig:22   | Killed a juggernaut
 79563 | Zig:22   | Killed a juggernaut
 79600 | Zig:22   | Identified Abbeh's Catalogue of the Snowflakes and
                  | Transformation
 79603 | Zig:22   | Identified the +6 hand crossbow of Valour {elec, *Corrode
                  | rC++ rN+++ Stlth+}
 79604 | Zig:22   | Identified the Almanac of Torrid Transformation
 79634 | Zig:23   | Entered Level 23 of a ziggurat
 79704 | Zig:23   | Found the ring of the Mage {Wiz Will++ Int+3}
 79730 | Zig:23   | Identified the ring of Ketuih Ucing {rN+ Will+ Str-2 Dex+8}
 79734 | Zig:23   | Identified the +0 chain mail "Ipuenan" {Will- Int+3 Dex+3
                  | SInv}
 79754 | Zig:23   | Identified the +10 hand crossbow of Yeast {speed, rF++}
 79766 | Zig:24   | Entered Level 24 of a ziggurat
 79783 | Zig:24   | Noticed Zetuc the pandemonium lord
 79794 | Zig:24   | Killed Zetuc the pandemonium lord
 79794 | Zig:24   | Gained mutation: You are clumsy. (Dex -2) [a cacodemon]
 79805 | Zig:24   | HP: 9/217 [something (27)]
 79806 | Zig:24   | HP: 1/217 [something (11)]
 79806 | Zig:24   | Killed from afar by an Ice Fiend

Illustrated notes

Levels and vault maps discovered:
D:1:      evilmike_arrival_come_back, layout_basic
D:2:      layout_rooms, chequers_avenue, chequers_serial_rivers_room_a
D:3:      layout_basic, gup_sewer_entry_pipe,
          hellmonk_ecumenical_altar_inner_sanctum, grunt_decor_mini_mirrors,
          nrook_loot_triangle, minmay_fountain_box
D:4:      layout_basic, nicolae_overflow_crystal_walls,
          gammafunk_temple_overflow_wave, temple_green, serial_shops, shop
D:5:      layout_gridville, kennysheep_mini_moat, uniq_pikel, uniq_sigmund
D:6:      layout_basic, general_overflow_altar, minmay_pentangle
D:7:      layout_basic, serial_glass, glass_columns_a, glass_columns_b
D:8:      layout_basic, lemuel_mausoleum_altar_kikubaaqudgha,
          minmay_ruined_shrine
D:9:      layout_roguey, jmf_multi_god_temple, due_lair_maze_entry_diamond,
          orc_0_dummy, serial_aquarium, aquarium_bridge_long_joined
          [aquarium_subvault_window, aquarium_subvault_bridge,
          aquarium_subvault_bridge, aquarium_subvault_wall,
          aquarium_subvault_wall, aquarium_subvault_window],
          aquarium_window_corridor_3, aquarium_window_fake, aquarium_window_2,
          aquarium_view_2b, aquarium_view_2d, fountainhead
D:10:     layout_big_octagon, ebering_ghost_gozag
D:11:     layout_basic, minmay_beelzebubs_servants
D:12:     layout_gridville, serial_shops, bzr_entry_dummy
D:13:     layout_long_grid, erik_vaults_1, kennysheep_windowed_goal, uniq_rupert
D:14:     layout_roguey, xom_redecorated, enter_bailey_4
D:15:     hangedman_slaughterboxes, uniq_nessos
Temple:   minmay_temple_curvy_branch
Lair:1:   layout_big_grid, st_stairs_7
Lair:2:   nzn_winding_woodlands_three_and_one
          [nzn_winding_woodlands_5x15_lazy_stream,
          nzn_winding_woodlands_5x15_eye, nzn_winding_woodlands_5x15_concentric,
          nzn_winding_woodlands_center_pierced_h], layout_cave_pods,
          elwin_shoals_entry_rooms
Lair:3:   layout_regular_city, st_stairs_8, grunt_megastairs_2,
          infiniplex_staircase_pool
Lair:4:   layout_roguey, spider_nest_entry_web_field
Lair:5:   layout_hall_layers
Lair:6:   minmay_lair_end_enchanted_forest, layout_regular_city,
          dpeg_slime_entry_enclosed_altar, serial_bayou_shore_a
Shoals:1: layout_shoals, nicolae_shoals_stone_sculpture_thing
Shoals:2: layout_shoals, nicolae_shoals_isolated_beach, uniq_polyphemus,
          uniq_ilsuiw
Shoals:3: layout_shoals, uniq_roxanne
Shoals:4: shoals_end_simple, layout_shoals, uniq_louise
Spider:1: layout_spider_delve, spiders_nest_hornet_nest, uniq_agnes, uniq_donald
Spider:2: layout_chambers, special_room [special_room_bee],
          ebering_ghost_disaster_area, nicolae_spider_paper_wasps
Spider:3: layout_spider_delve, nicolae_spider_baby_got_redback, uniq_arachne
Spider:4: johnstein_spider_rune_arachne_lair, gammafunk_ghost_abyssal_escape
Slime:1:  layout_caves
Slime:2:  layout_caves
Slime:3:  layout_caves
Slime:4:  layout_caves
Slime:5
Orc:1:    layout_caves
Orc:2:    pubby_orc_utopia
Elf:1:    elf_arrival_002, layout_loops_corners, minmay_elf_necromancy
Elf:2:    layout_geoelf_grid, serial_shops, shop, nicolae_twisting_strands,
          einodemon_barbed_minivault
Elf:3:    elf_hall_gauntlet_wide, layout_geoelf_grid,
          gammafunk_ghost_berserking_beasts
Vaults:1: nicolae_vaults_windows_and_doors_thing, nicolae_vaults_what_the_h,
          v_misc_25, nicolae_vaults_network_barrier, nicolae_vaults_arrows,
          v_pattern_2, vaults_room_grunt_arrival_checkpoint,
          ontoclasm_vaults_fault, vaults_room_guarded_vault,
          layout_vaults_maze_snakey, portal_desolation_entry_twin_temple
Vaults:2: nicolae_vaults_bisected_exclaves, nicolae_vaults_ring_of_whatevers,
          v_misc_28, v_misc_30, hangedman_vaults_nails,
          vaults_room_mumra_shop_pool, nicolae_vaults_meeting, vaults_dpeg_ring,
          hangedman_vaults_maws, layout_vaults_quadrants,
          blue_anna_dwarven_crypt
Vaults:3: nicolae_vaults_good_morning_starshine, v_rooms_2, serial_ice_b,
          v_alt_pattern_1, grunt_vaults_twisty, v_misc_11, v_misc_5,
          nicolae_vaults_little_squares_3, ontoclasm_vaults_twist,
          nicolae_vaults_little_squares_3, hangedman_vaults_capsules,
          layout_vaults_omnicross, serial_shops, shop
Vaults:4: grunt_vaults_funnel, v_misc_24, hangedman_vaults_nodes, st_cells,
          nicolae_vaults_twisting_passages, v_rooms_3, hangedman_vaults_stagger,
          nicolae_vaults_asterisk, vaults_room_hallway, vaults_room_grid,
          vaults_room_corners, layout_vaults_omnibox, serial_shops, shop,
          shop_coins, shop_statue, shop, shop, uniq_xtahua, uniq_sojobo
Vaults:5
Crypt:1:  layout_chaotic_city, st_stairs_4
Crypt:2:  layout_basic, grunt_ministairs_7, uniq_saint_roka
Crypt:3:  quadcrypt_mu
Depths:1: evilmike_wizard_prison, layout_gridlike, zin_angel, hell_entry,
          grunt_pan_entry_in_and_out, lemuel_zombie_altar_yredelemnul,
          grunt_megastairs_4, firewood_loft, minmay_shop_grove,
          serial_bayou_shore_b
Depths:2: minmay_bubble_buster, layout_gridlike, pf_coc_iceberg,
          nicolae_dithmenos_shadow_blocks, st_stairs_1, uniq_asterion,
          uniq_aizul, uniq_enchantress
Depths:3: minmay_two_paths, layout_gridlike, enter_ziggurat_c,
          grunt_hell_entry_dis_grunt, rand_demon_pan_entry_3,
          abyss_entry_small_statue_room
Depths:4: kennysheep_spiral_hall, layout_long_grid, lightli_too_deep,
          abyss_entry, rand_demon_pan_entry_7
Depths:5: grunt_zot_entry_hairpin, layout_gridville,
          serial_sigils_hangedman_quiver, hell_entry, minmay_room_of_horrors,
          uniq_jory
Zig:24:   ziggurat_pillar_abc, ziggurat_pillar_abc, ziggurat_pillar_abc,
          ziggurat_pillar_abc

Skill      XL: |  1  2  3  4  5  6  7  8  9 10 11 12 13 14 15 16 17 18 19 20 21 22 23 24 25 26 27 |
---------------+----------------------------------------------------------------------------------+-----
Earth Magic    | 4 5 6 7 8 9 10 11 12 13 14 15 17 21 24 27 | 27.0
Conjurations   | 1 2 3 4 5 6 7 8 9 10 11 12 13 14 15 16 20 | 20.0
Spellcasting   | 3 4 5 6 7 8 9 10 11 12 13 14 15 21 | 21.2
Fighting       | 1 2 4 5 6 7 8 9 10 11 12 13 14 15 16 17 22 | 22.0
Armour         | 1 3 4 5 6 |  6.0
Maces & Flails | 1 2 3 4 6 7 8 9 10 11 12 13 14 16 | 16.0
Dodging        | 2 3 4 5 6 7 8 9 10 11 12 15 | 15.0
Evocations     | 1 2 3 4 5 6 7 8 9 10 | 10.0
Fire Magic     | 3 6 8 10 11 12 13 14 15 16 17 21 | 21.1
Transmutations | 10 | 10.0
Necromancy     | 17 | 17.3
Stealth        | |  2.1

Action                   |  1- 3 |  4- 6 |  7- 9 | 10-12 | 13-15 | 16-18 | 19-21 | 22-24 | 25-27 || total
-------------------------+-------+-------+-------+-------+-------+-------+-------+-------+-------++-------
Melee: Whip              |    33 |    48 |       |       |       |       |       |       |       ||    81
       Falchion          |       |    48 |   243 |   477 |   478 |   656 |       |       |       ||  1902
       Flail             |       |       |       |       |    21 |       |       |       |       ||    21
       Scimitar          |       |       |       |       |       |   245 |   135 |       |       ||   380
       Dire flail        |       |       |       |       |       |       |   304 |   557 |  1252 ||  2113
       Headbutt          |       |       |       |       |       |       |       |       |   317 ||   317
       Demon whip        |       |       |       |       |       |       |       |       |     8 ||     8
 Cast: Sandblast         |    30 |    63 |    32 |    38 |    56 |    54 |    22 |       |       ||   295
       Passwall          |       |     1 |       |       |       |       |       |       |       ||     1
       Stone Arrow       |       |       |    22 |    67 |    29 |     2 |     4 |       |     3 ||   127
       Lee's Rapid Decon |       |       |     4 |    21 |    35 |    52 |    57 |    11 |    13 ||   193
       Bolt of Magma     |       |       |       |    32 |    50 |    98 |    69 |     6 |    16 ||   271
       Iron Shot         |       |       |       |     3 |    70 |   248 |   223 |    62 |   176 ||   782
       Starburst         |       |       |       |       |       |    68 |    30 |       |       ||    98
       Irradiate         |       |       |       |       |       |    13 |    56 |     3 |     2 ||    74
       Shatter           |       |       |       |       |       |       |     1 |   102 |   283 ||   386
       Ignition          |       |       |       |       |       |       |       |    44 |    79 ||   123
       Fire Storm        |       |       |       |       |       |       |       |       |    32 ||    32
       Lehudib's Crystal |       |       |       |       |       |       |       |       |    28 ||    28
Evoke: Wand              |       |       |     2 |     3 |     4 |     5 |     9 |     3 |       ||    26
       Condenser vane    |       |       |       |       |       |     5 |     4 |       |     1 ||    10
       Tin of tremorston |       |       |       |       |       |     3 |     6 |       |     1 ||    10
       Phantom mirror    |       |       |       |       |       |     1 |     1 |       |       ||     2
       Phial of floods   |       |       |       |       |       |       |     1 |       |       ||     1
  Use: Scroll            |       |     8 |    12 |     7 |     5 |    12 |    20 |     5 |    15 ||    84
       Potion            |       |     2 |     1 |     1 |     6 |     6 |     4 |     2 |    26 ||    48
 Stab: Sleeping          |     2 |     2 |     4 |     3 |     1 |     4 |       |       |     3 ||    19
       Distracted        |       |       |       |       |       |       |     1 |       |     3 ||     4
       Held in net/web   |       |       |       |       |       |       |     1 |       |       ||     1
Armor: Robe              |    12 |    23 |       |       |       |       |       |       |       ||    35
       Troll leather arm |       |    46 |   257 |   418 |   537 |  1363 |   785 |   349 |   529 ||  4284
       Acid dragon scale |       |       |       |       |       |       |       |       |   386 ||   386
Dodge: Dodged            |    23 |    85 |   255 |   558 |   739 |  1319 |   711 |   307 |   993 ||  4990
       Rpst.: Falchion   |       |    13 |    57 |   173 |   159 |   184 |       |       |       ||   586
       Scimitar          |       |       |       |       |       |   103 |    51 |       |       ||   154

Table legend: (Time is in decaauts)
 A = Elapsed time spent in this place.
 B = Non-inter-level travel time spent in this place.
 C = Inter-level travel time spent in this place.
 D = Time resting spent in this place.
 E = Time spent auto-exploring this place.
 F = Levels seen in this place.
 G = Mean time per level.
                   A        B        C        D        E       F      G
               +--------+--------+--------+--------+--------+-----+--------+
         Total |  79914 |  72967 |   6947 |  11195 |  44267 |  84 |  951.4 |
       Dungeon |  21806 |  19326 |   2480 |   3489 |  11625 |  15 | 1453.7 |
        Temple |    210 |    185 |     25 |      0 |    177 |   1 |  210.0 |
          Lair |   9381 |   8255 |   1126 |    533 |   6267 |   6 | 1563.5 |
        Shoals |   6772 |   6512 |    260 |   1593 |   3560 |   4 | 1693.0 |
   Spider Nest |   6177 |   5820 |    357 |    955 |   3407 |   4 | 1544.2 |
    Slime Pits |    999 |    974 |     25 |    648 |      0 |   5 |  199.8 |
  Orcish Mines |   4107 |   3546 |    561 |    422 |   2088 |   2 | 2053.5 |
   Elven Halls |   6016 |   5283 |    733 |    872 |   3569 |   3 | 2005.3 |
        Vaults |   8034 |   7307 |    727 |    703 |   4963 |   5 | 1606.8 |
         Crypt |   4103 |   3982 |    121 |    282 |   2624 |   3 | 1367.7 |
        Depths |   6750 |   6221 |    529 |    136 |   4602 |   5 | 1350.0 |
         Abyss |    262 |    262 |      0 |     18 |    176 |   3 |   87.3 |
      Ziggurat |   2551 |   2551 |      0 |   1035 |      0 |  24 |  106.3 |
        Bazaar |    216 |    216 |      0 |      0 |    121 |   1 |  216.0 |
         Sewer |    573 |    573 |      0 |    246 |    252 |   1 |  573.0 |
        Bailey |   1074 |   1074 |      0 |    223 |    410 |   1 | 1074.0 |
    Desolation |    873 |    873 |      0 |     39 |    424 |   1 |  873.0 |
               +--------+--------+--------+--------+--------+-----+--------+

Top non-repeatable levels by time:
    D:15: 5094 daAuts
   Orc:2: 3178 daAuts
Spider:2: 2346 daAuts
  Lair:6: 2286 daAuts
Shoals:2: 2170 daAuts
   Elf:1: 2082 daAuts
   Elf:3: 2077 daAuts
  Lair:2: 2075 daAuts
Depths:1: 1950 daAuts
Vaults:2: 1883 daAuts
 Crypt:3: 1878 daAuts
   Elf:2: 1857 daAuts
Shoals:3: 1854 daAuts
Vaults:1: 1676 daAuts
Spider:4: 1669 daAuts
